 Dungeon Crawl Stone Soup version 0.30-a0-1176-gcdfb0321a8 (webtiles) character file.

Game seed: 12935613999735230003

183208 Querens the Eclecticist (level 17, -20/106 HPs)
             Began as a Deep Elf Conjurer on Apr 30, 2023.
             Was the Champion of Vehumet.
             Engulfed by a cloud of thunder (43 damage)
             ... on level 3 of the Swamp.
             The game lasted 02:04:06 (16696 turns).

Querens the Eclecticist (Deep Elf Conjurer)        Turns: 16696, Time: 02:04:07

Health: -20/106    AC:  8    Str:  4    XL:     17   Next: 37%
Magic:  16/43      EV: 21    Int: 41    God:    Vehumet [******]
Gold:   2197       SH:  0    Dex: 18    Spells: 21/57 levels left

rFire   + . .        k - staff of fire
rCold   + + .        C - orb "Yquz" {*channel, rCorr}
rNeg    . . .        Y - +2 robe {rC+ rF+}
rPois   +            R - +1 helmet
rElec   .            f - +0 cloak
rCorr   +            t - +0 pair of gloves
SInv    .            (no boots)
Will    +....        m - amulet "Usiu" {RegenMP rPois rF- Regen+ rCorr}
Stlth   ++++         S - ring of Evvutof {rC+ EV+5 Int+3 Dex+2}
HPRegen 1.17/turn    z - ring of Quozacwa {rPois Int+6 Dex+3 Slay+3}
MPRegen 0.68/turn

%: channel magic (20%)
@: no status effects
A: no striking features
}: 1/15 runes: serpentine
a: Renounce Religion


You were on level 3 of the Swamp.
You worshipped Vehumet.
Vehumet was exalted by your worship.
You visited 6 branches of the dungeon, and saw 26 of its levels.
You also visited: Ice Cave.

You collected 3887 gold pieces.
You spent 1690 gold pieces at shops.

Inventory:

Hand Weapons
 E - the +6 flail "Qaber" {drain, rF+}
   (You found it on level 6 of the Dungeon)

   rF:        It protects you from fire.
Armour
 f - a +0 cloak (worn)
 s - a scarf of harm
 t - a +0 pair of gloves (worn)
 C - the orb "Yquz" (worn) {*channel, rCorr}
   (You found it on level 5 of the Lair of Beasts)

   rCorr:     It protects you from acid and corrosion.
 R - a +1 helmet (worn)
 U - a +2 robe of the Archmagi
 W - a +0 troll leather armour
 Y - a +2 robe of resistance (worn)
Magical Staves
 k - a staff of fire (weapon)
 K - a staff of earth
Jewellery
 d - a ring of magical power
 m - the amulet "Usiu" (around neck) {RegenMP rPois rF- Regen+ rCorr}
   (You found it on level 1 of the Snake Pit)

   [amulet of magic regeneration]

   It increases your rate of magic regeneration.
   rF:        It makes you vulnerable to fire.
   rPois:     It protects you from poison.
   Regen:     It increases your rate of health regeneration.
   rCorr:     It protects you from acid and corrosion.
 p - a ring of positive energy
 z - the ring of Quozacwa (right hand) {rPois Int+6 Dex+3 Slay+3}
   (You bought it in a shop on level 4 of the Dungeon)

   [ring of intelligence]

   Int:       It affects your intelligence (+6).
   Dex:       It affects your dexterity (+3).
   Slay:      It affects your accuracy & damage with ranged weapons and melee
   (+3).
   rPois:     It protects you from poison.
 J - a ring of willpower
 M - the amulet of Nystrem {RegenMP Int+3}
   (You bought it in a shop on level 7 of the Dungeon)

   [amulet of magic regeneration]

   It increases your rate of magic regeneration.
   Int:       It affects your intelligence (+3).
 S - the ring of Evvutof (left hand) {rC+ EV+5 Int+3 Dex+2}
   (You found it on level 5 of the Lair of Beasts)

   [ring of evasion]

   EV:        It affects your evasion (+5).
   Int:       It affects your intelligence (+3).
   Dex:       It affects your dexterity (+2).
   rC:        It protects you from cold.
 V - a ring of wizardry
Wands
 a - a wand of iceblast (7)
 n - a wand of acid (11)
 v - a wand of digging (8)
Scrolls
 h - 11 scrolls of fear
 l - 3 scrolls of magic mapping
 q - 5 scrolls of amnesia
 r - 3 scrolls of immolation
 u - 5 scrolls of enchant armour
 y - 10 scrolls of teleportation
 D - 3 scrolls of butterflies
 F - a scroll of brand weapon {unknown}
 G - 2 scrolls of blinking
 I - 5 scrolls of poison
 L - 3 scrolls of enchant weapon
 T - a scroll of fog
Potions
 b - a potion of magic
 c - 2 potions of cancellation {unknown}
 e - 4 potions of might
 g - 6 potions of brilliance
 i - 5 potions of degeneration {unknown}
 j - 4 potions of ambrosia
 o - 10 potions of heal wounds
 w - 9 potions of mutation {unknown}
 x - 10 potions of curing
 A - 6 potions of attraction
 B - 4 potions of resistance
 H - 6 potions of haste
 P - a potion of lignification
 Q - 4 potions of invisibility
 Z - a potion of berserk rage


   Skills:
 - Level 12.0 Fighting
 - Level 6.8 Dodging
 - Level 7.3 Stealth
 + Level 20.6 Spellcasting
 + Level 18.0 Conjurations
 - Level 7.5 Translocations
 + Level 11.0 Fire Magic
 - Level 13.0 Earth Magic


You had 21 spell levels left.
You knew the following spells:

 Your Spells              Type           Power      Damage    Failure   Level
a - Magic Dart            Conj           100%       1d8       1%          1
b - Searing Ray           Conj           100%       2d8       1%          2
c - Iskenderun's Mystic   Conj/Tloc      98%        2d19      1%          4
d - Fulminant Prism       Conj/Hex       43%        3d19      1%          4
e - Lehudib's Crystal Sp  Conj/Erth      53%        10d12     4%          8
f - Starburst             Conj/Fire      63%        6d17      1%          6
g - Iskenderun's Battles  Conj           100%       2d15      1%          5
h - Plasma Beam           Fire/Air       46%        2x1d66    6%          6

Your spell library contained the following spells:

 Spells                   Type           Power      Damage    Failure   Level
 Ozocubu's Refrigeration  Ice            21%        4d12      83%         7
 Freeze                   Ice            100%       1d10      1%          1
 Lesser Beckoning         Tloc           100%       N/A       1%          2
 Dazzling Flash           Conj/Hex       100%       N/A       1%          3
 Frozen Ramparts          Ice            84%        1d13      1%          3
 Gell's Gravitas          Tloc           81%        N/A       1%          3
 Hailstorm                Conj/Ice       86%        3d17      1%          3
 Ignite Poison            Fire/Tmut/Pois 83%        N/A       1%          3
 Stone Arrow              Conj/Erth      100%       3d13      1%          3
 Teleport Other           Tloc           81%        N/A       1%          3
 Fireball                 Conj/Fire      63%        3d24      1%          5
 Freezing Cloud           Conj/Ice/Air   37%        6-21      1%          5
 Orb of Destruction       Conj           56%        9d14      1%          7
 Conjure Ball Lightning   Conj/Air       43%        3x3d15    2%          6
 Slow                     Hex            100%       N/A       3%          1
 Portal Projectile        Hex/Tloc       100%       N/A       3%          3
 Animate Armour           Summ/Erth      100%       N/A       3%          4
 Leda's Liquefaction      Hex/Erth       38%        N/A       3%          4
 Cigotuvi's Dreadful Rot  Necr/Pois/Air  84%        N/A       4%          2
 Call Canine Familiar     Summ           42%        N/A       7%          3
 Confusing Touch          Hex            42%        N/A       7%          3
 Vampiric Draining        Necr           42%        2d9       7%          3
 Dispel Undead            Necr           42%        3d17      16%         4
 Ice Form                 Ice/Tmut       42%        N/A       16%         4
 Metabolic Englaciation   Hex/Ice        21%        N/A       34%         5
 Death Channel            Necr           21%        N/A       82%         6
 Simulacrum               Ice/Necr       21%        N/A       82%         6


Dungeon Overview and Level Annotations

Branches:
Dungeon (11/15)            Temple (1/1) D:4            Lair (5/5) D:11
  Swamp (3/4) Lair:3        Snake (4/4) Lair:3        Slime (0/5) Lair:4
    Orc (2/2) D:10            Elf (0/3) Orc:2         IceCv (visited)

Altars:
Ashenzari
Cheibriados
Dithmenos
Elyvilon
Fedhas
Gozag
Hepliaklqana
Kikubaaqudgha
Makhleb
Nemelex Xobeh
Okawaru
Qazlal
Ru
Sif Muna
Trog
Uskayaw
Vehumet
Wu Jian
Xom
Yredelemnul
Zin
The Shining One
Jiyva

Shops:
D:4 =   D:6 *   D:7 *   D:8 :(!   Orc:2 (=!:[   Snake:3 (:*:

Annotations:
D:5 3 runed translucent doors, MacCMillion's ghost, novice GrEE


Message History

Confirm with . or Enter, or press ? or * to list all spells.
Aiming: Lehudib's Crystal Spear (dangerous; 4% risk of failure)
Press: ? - help, Shift-Dir - straight line, f/p - Bai Suzhen
Aim: Bai Suzhen (severely wounded, surrounded by thunder, catching her breath, ally target, 96% to hit)
The crystal spear hits Bai Suzhen!!!
Bai Suzhen is almost dead.
You are engulfed in a thunderstorm.
Your battlesphere fires!
The barrage of energy hits Bai Suzhen.
Bai Suzhen is almost dead.
Bai Suzhen bites you. Bai Suzhen barely misses you.
Bai Suzhen tramples you but does no damage.
Unknown command.
Unknown command.
Casting: Lehudib's Crystal Spear (dangerous; 4% risk of failure)
Confirm with . or Enter, or press ? or * to list all spells.
Aiming: Lehudib's Crystal Spear (dangerous; 4% risk of failure)
Press: ? - help, Shift-Dir - straight line, f/p - Bai Suzhen
Aim: Bai Suzhen (almost dead, surrounded by thunder, catching her breath, ally target, 96% to hit)
The crystal spear hits Bai Suzhen!!!
You kill Bai Suzhen!
Vehumet accepts your kill.
You feel your power returning. Magical energy flows into your mind!
You are engulfed in a thunderstorm.
Your Conjurations skill increases to level 18!
Your Fire Magic skill increases to level 11!
Unknown command.
Unknown command.
Casting: Lehudib's Crystal Spear (dangerous; 4% risk of failure)
Confirm with . or Enter, or press ? or * to list all spells.
Casting: Plasma Beam (dangerous; 6% risk of failure)
Press: ? - help, Dir - look around, f - activate You feel a surge of power!
The bolt of lightning misses the eleionoma.
You are engulfed in a thunderstorm.
* * * LOW HITPOINT WARNING * * *
Your battlesphere fires!
Unknown command.
You are engulfed in a thunderstorm.
You die...

♣.♣ .
R§ ♣>
.§♣♣~♣
§..~♣
♣.~~♣
♣.~~♣♣
♣..~~♣
♣..~♣
♣§@*♣♣
♣)~~.♣
♣.♣♣.♣
♣..<.♣
♣.♣..♣
♣.♣..♣
♣.♣~.♣
♣.♣~.~
♣~.~♣


You could see a friendly battlesphere.

Vanquished Creatures
  Bai Suzhen (Swamp:3)
  Jorgrun (Swamp:2)
  2 azure jellies (IceCv)
  5 nagarajas (Snake:4)
  A rockslime (IceCv)
  The ghost of fly the Carver, a journeyman DgDe (Swamp:1)
  The ghost of Asiz Vysk the Thaumaturge, a journeyman DjFE of Makhleb (Snake:3)
  7 quicksilver oozes (IceCv)
  4 eleionomae
  3 shambling mangroves (Swamp:2)
  Josephine (D:10)
  8 hydras
  8 anacondas
  3 catoblepae (Lair:5)
  5 salamander tyrants (Snake:4)
  A ghost crab (Swamp:1)
  A two-headed ogre (D:9)
  7 death yaks (Lair:5)
  2 ogre magi (Orc:2)
  A centaur warrior (D:10)
  5 alligators
  15 naga warriors
  12 naga sharpshooters
  3 shock serpents
  2 skysharks (Lair:4)
  Nergalle (Orc:2)
  A fire crab (Lair:5)
  A sea snake (Snake:2)
  3 salamander mystics
  12 naga ritualists
  5 goliath frogs
  2 spriggan druids
  2 orange crystal statues (IceCv)
  A swamp dragon (Swamp:2)
  3 bog bodies
  An orc knight (Orc:1)
  8 orc sorcerers
  2 oklob plants (Lair:4)
  13 mana vipers
  20 salamanders
  An ugly thing (D:11)
  2 manticores (Lair:5)
  2 will-o-the-wisps
  2 cyclopes
  31 black mambas
  6 guardian serpents
  23 naga magi
  6 elephants
  14 cane toads
  A gargoyle (D:11)
  A kobold demonologist (D:11)
  4 rime drakes
  7 komodo dragons
  A burning bush (Lair:5)
  6 trolls
  4 polar bears
  10 hornets
  4 tyrant leeches
  11 dream sheep
  22 blink frogs
  15 slime creatures
  6 spriggans
  3 wyverns
  4 wraiths (D:10)
  44 yaks
  5 basilisks
  Eustachio (D:6)
  9 vampire mosquitoes
  3 wargs (Orc:1)
  42 nagas
  2 acid dragons
  6 swamp worms
  13 water moccasins
  2 swamp drakes (Swamp:2)
  6 black bears
  5 great orb of eyes simulacra (IceCv)
  3 ice beasts
  10 orc warriors
  6 ogres
  16 wolves
  2 centaurs
  A phantom (D:5)
  6 kobold brigands
  5 slime creature simulacra (IceCv)
  10 bullfrogs
  2 necrophages (D:5)
  A wyvern zombie (D:5)
  A gnoll sergeant (D:6)
  4 scorpions
  6 glowing shapeshifter simulacra (IceCv)
  2 water moccasin zombies (D:5)
  A wight (D:5)
  6 killer bees (D:9)
  2 howler monkeys (D:11)
  An electric eel (D:8)
  2 bullfrog zombies (D:5)
  5 hounds
  10 orc priests
  A gnoll bouda (D:7)
  A human zombie (D:5)
  10 jellies
  Ijyb (D:3)
  2 iguanas
  Jessica (D:3)
  38 orc wizards
  A hound zombie (D:5)
  2 mummies (D:5)
  8 gnolls
  7 adders
  A shadow imp (D:7)
  4 ufetubi
  3 worms
  4 dart slugs
  81 orcs
  11 endoplasms
  3 giant cockroaches
  8 goblins
  5 hobgoblins
  8 jackals
  3 quokkas
  8 ball pythons
  5 bats
  A frilled lizard (D:1)
  21 kobolds
  3 rats
  3 bushes (Lair:5)
845 creatures vanquished.

Vanquished Creatures (others)
  A kobold (D:7)
  2 foxfires (Swamp:1)
  82 fulminant prisms
  33 fungi
  66 plants
  7 toadstools (D:7)
191 creatures vanquished.

Grand Total: 1036 creatures vanquished

Notes
Turn   | Place    | Note
-------+----------+-------------------------------------------
     0 | D:1      | Querens the Deep Elf Conjurer began the quest for the Orb.
     0 | D:1      | Reached XP level 1. HP: 10/10 MP: 6/6
   242 | D:1      | Reached XP level 2. HP: 15/15 MP: 8/8
   245 | D:1      | Learned a level 2 spell: Searing Ray
   690 | D:2      | Reached XP level 3. HP: 19/19 MP: 10/10
  1175 | D:3      | Reached XP level 4. HP: 19/24 MP: 8/11
  1180 | D:3      | Learned a level 4 spell: Iskenderun's Mystic Blast
  1200 | D:3      | Noticed Jessica
  1204 | D:3      | Killed Jessica
  1205 | D:3      | Reached skill level 4 in Spellcasting
  1205 | D:3      | Reached skill level 5 in Conjurations
  1243 | D:3      | Noticed Ijyb
  1253 | D:3      | Killed Ijyb
  1254 | D:3      | Reached skill level 1 in Translocations
  1259 | D:3      | Found a faded altar of an unknown god.
  1321 | D:3      | Reached XP level 5. HP: 24/28 MP: 9/13
  1943 | D:4      | Found Xun Gehu's One-of-a-Kind Rings.
  2012 | D:4      | Reached XP level 6. HP: 32/32 MP: 13/15
  2136 | D:4      | Found a shimmering altar of Xom.
  2163 | D:4      | Reached skill level 5 in Spellcasting
  2260 | D:4      | Found a staircase to the Ecumenical Temple.
  2267 | D:4      | Reached skill level 5 in Stealth
  2267 | D:4      | Reached XP level 7. HP: 36/36 MP: 16/16
  2285 | Temple   | Entered the Ecumenical Temple
  2733 | D:5      | Entered Level 5 of the Dungeon
  2827 | D:5      | Found a stormy altar of Qazlal.
  2827 | D:5      | Found a bloodstained altar of Trog.
  2867 | D:5      | Identified the +3 robe "Yvese" {Int+3 Slay+2}
  2939 | D:5      | Reached skill level 5 in Dodging
  3111 | D:5      | Found a runed translucent gate.
  3111 | D:5      | Found a runed translucent gate.
  3111 | D:5      | Found a runed translucent gate.
  3115 | D:5      | Noticed MacCMillion's ghost (novice GrEE)
  3307 | D:6      | Reached skill level 6 in Spellcasting
  3412 | D:6      | Reached XP level 8. HP: 20/41 MP: 18/19
  3450 | D:6      | Noticed Eustachio
  3484 | D:6      | Killed Eustachio
  3489 | D:6      | Identified the +6 flail "Qaber" {drain, rF+}
  3493 | D:6      | Identified the +7 great sword "Heasauv" {speed, Str+2}
  3544 | D:6      | Learned a level 4 spell: Fulminant Prism
  3594 | D:6      | Found Vetsoa's Assorted Antiques.
  3598 | D:6      | Bought a sedimented white potion for 23 gold pieces
  3598 | D:6      | Bought an inky potion for 23 gold pieces
  3598 | D:6      | Bought a scroll labelled WULYOCW OGGAVI for 26 gold pieces
  3598 | D:6      | Bought a scroll labelled PEGHARPH KAAXTI for 26 gold pieces
  3855 | D:6      | Found a glowing golden altar of the Shining One.
  3919 | D:6      | Reached skill level 7 in Spellcasting
  3931 | D:6      | Found an opulent altar of Gozag.
  4061 | D:6      | Found an iron altar of Okawaru.
  4255 | D:5      | Found an ancient bone altar of Kikubaaqudgha.
  4265 | D:5      | Reached skill level 5 in Translocations
  4399 | D:7      | Reached XP level 9. HP: 38/45 MP: 14/22
  4528 | D:7      | Found a blossoming altar of Fedhas.
  4528 | D:7      | Found a radiant altar of Vehumet.
  4536 | D:7      | Became a worshipper of Vehumet
  4645 | D:7      | Found Nenuzes's Assorted Antiques.
  4653 | D:7      | Bought a scroll labelled XALIYB RAHOETZ for 29 gold pieces
  4653 | D:7      | Bought a scroll labelled PEGHARPH KAAXTI for 29 gold pieces
  4653 | D:7      | Bought a sparkling steel amulet for 145 gold pieces
  4653 | D:7      | Identified the amulet of Nystrem {RegenMP Int+3} (You
                  | bought it in a shop on level 7 of the Dungeon)
  4670 | D:7      | Reached skill level 8 in Spellcasting
  5098 | D:8      | Found a broken altar of Ashenzari.
  5132 | D:8      | Reached * piety under Vehumet
  5132 | D:8      | Offered knowledge of Shock by Vehumet.
  5143 | D:8      | Reached skill level 9 in Spellcasting
  5239 | D:8      | Found Epnamehi's Book Boutique.
  5239 | D:8      | Found Gileb's Antique Weapon Shop.
  5239 | D:8      | Found Pazorox's Distillery.
  5261 | D:8      | Bought a potion of curing for 39 gold pieces
  5261 | D:8      | Bought a potion of lignification for 39 gold pieces
  5261 | D:8      | Bought a potion of heal wounds for 65 gold pieces
  5261 | D:8      | Bought a potion of invisibility for 104 gold pieces
  5689 | D:9      | Found a basalt altar of Yredelemnul.
  5750 | D:9      | Reached XP level 10. HP: 38/50 MP: 25/25
  5789 | D:9      | Noticed a two-headed ogre
  5799 | D:9      | Killed a two-headed ogre
  5800 | D:9      | Reached skill level 1 in Fighting
  5800 | D:9      | Reached skill level 10 in Spellcasting
  5814 | D:9      | Noticed a cyclops
  5823 | D:9      | Killed a cyclops
  5851 | D:9      | Reached skill level 11 in Spellcasting
  5853 | D:9      | Reached skill level 10 in Conjurations
  5908 | D:9      | Found a sparkling altar of Nemelex Xobeh.
  6010 | D:9      | Offered knowledge of Poisonous Vapours by Vehumet.
  6077 | D:10     | Entered Level 10 of the Dungeon
  6079 | D:10     | Noticed Josephine
  6089 | D:10     | Killed Josephine
  6089 | D:10     | Reached ** piety under Vehumet
  6130 | D:10     | Reached XP level 11. HP: 54/61 MP: 5/28
  6310 | D:10     | Reached skill level 12 in Spellcasting
  6331 | D:10     | Offered knowledge of Inner Flame by Vehumet.
  6340 | D:10     | Found a staircase to the Orcish Mines.
  6587 | D:10     | Reached *** piety under Vehumet
  6710 | D:10     | Noticed a centaur warrior
  6739 | D:10     | Killed a centaur warrior
  7014 | D:11     | Reached skill level 5 in Fighting
  7236 | D:11     | Offered knowledge of Flame Wave by Vehumet.
  7359 | D:11     | Noticed a purple ugly thing
  7366 | D:11     | Killed a purple ugly thing
  7367 | D:11     | Reached skill level 13 in Spellcasting
  7527 | D:11     | Found a staircase to the Lair.
  7777 | D:11     | Learned a level 8 spell: Lehudib's Crystal Spear
  7883 | Orc:1    | Entered Level 1 of the Orcish Mines
  7935 | Orc:2    | Entered Level 2 of the Orcish Mines
  7940 | Orc:2    | Reached skill level 1 in Earth Magic
  7965 | Orc:2    | Reached **** piety under Vehumet
  8125 | Orc:1    | Offered knowledge of Airstrike by Vehumet.
  8153 | Orc:1    | Noticed an orc sorcerer
  8161 | Orc:1    | Killed an orc sorcerer
  8195 | Orc:1    | Noticed an orc knight
  8203 | Orc:1    | Reached XP level 12. HP: 57/70 MP: 24/31
  8524 | Orc:2    | Reached skill level 14 in Spellcasting
  8610 | Orc:2    | Found Xonitergh's Weapon Shop.
  8621 | Orc:2    | Found a staircase to the Elven Halls.
  8774 | Orc:2    | Noticed an ogre mage
  8783 | Orc:2    | Killed an ogre mage
  8783 | Orc:2    | Reached ***** piety under Vehumet
  8788 | Orc:2    | Offered knowledge of Lee's Rapid Deconstruction by Vehumet.
  8802 | Orc:2    | Noticed Nergalle
  8803 | Orc:2    | Found an ancient bone altar of Kikubaaqudgha.
  8828 | Orc:2    | Killed Nergalle
  8878 | Orc:2    | Found Ynolo's Distillery.
  8884 | Orc:2    | Noticed an ogre mage
  8890 | Orc:2    | Killed an ogre mage
  8891 | Orc:2    | Reached skill level 5 in Earth Magic
  8899 | Orc:2    | Found a radiant altar of Vehumet.
  8913 | Orc:2    | Found Oniruori's Book Shop.
  8914 | Orc:2    | Found Puvotz's Antique Armour Boutique.
  8974 | Orc:2    | Found Soroujum's Jewellery Boutique.
  9005 | Orc:2    | Bought a potion of attraction for 45 gold pieces
  9005 | Orc:2    | Bought a potion of ambrosia for 120 gold pieces
  9005 | Orc:2    | Bought a potion of berserk rage for 75 gold pieces
  9005 | Orc:2    | Bought a potion of curing for 45 gold pieces
  9181 | D:4      | Bought the ring of Quozacwa {rPois Int+6 Dex+3 Slay+3} for
                  | 727 gold pieces
  9318 | D:8      | Bought a potion of resistance for 130 gold pieces
  9375 | Lair:1   | Entered Level 1 of the Lair of Beasts
  9450 | Lair:1   | Reached skill level 15 in Spellcasting
  9823 | Lair:2   | Reached XP level 13. HP: 61/78 MP: 34/34
 10145 | Lair:2   | Offered knowledge of Starburst by Vehumet.
 10525 | Lair:3   | Found a staircase to the Snake Pit.
 10534 | Lair:3   | Reached skill level 16 in Spellcasting
 10609 | Lair:3   | Learned a level 6 spell: Starburst
 10708 | Lair:3   | Found a staircase to the Swamp.
 10790 | Lair:4   | Found a viscous altar of Jiyva.
 10808 | Lair:4   | Found a staircase to the Slime Pits.
 11077 | Lair:4   | Learned a level 5 spell: Iskenderun's Battlesphere
 11225 | Lair:5   | Entered Level 5 of the Lair of Beasts
 11314 | Lair:5   | Reached XP level 14. HP: 74/86 MP: 13/36
 11460 | Lair:5   | Offered knowledge of Plasma Beam by Vehumet.
 11470 | Lair:5   | Learned a level 6 spell: Plasma Beam
 11577 | Lair:5   | Reached skill level 1 in Fire Magic
 11711 | Lair:5   | Reached skill level 17 in Spellcasting
 11927 | Lair:5   | Reached skill level 15 in Conjurations
 12031 | Lair:5   | Identified the orb "Yquz" {*channel, rCorr}
 12034 | Lair:5   | Identified the ring of Evvutof {rC+ EV+5 Int+3 Dex+2}
 12157 | Snake:1  | Entered Level 1 of the Snake Pit
 12270 | Snake:1  | Reached skill level 10 in Earth Magic
 12476 | Snake:1  | Reached skill level 10 in Fighting
 12568 | Snake:1  | Identified the amulet "Usiu" {RegenMP rPois rF- Regen+
                  | rCorr}
 12689 | Snake:1  | You fall into a shaft and drop 1 floor!
 12728 | Snake:2  | Reached skill level 5 in Fire Magic
 12753 | Snake:2  | Reached XP level 15. HP: 81/92 MP: 32/38
 12853 | Snake:2  | Reached skill level 18 in Spellcasting
 12963 | Snake:2  | Offered knowledge of Iron Shot by Vehumet.
 13362 | Snake:3  | Found a runed translucent door.
 13362 | Snake:3  | Noticed Asiz Vysk's ghost (journeyman DjFE)
 13379 | Snake:3  | Killed Asiz Vysk's ghost
 13565 | Snake:3  | Found Womiaf's Book Shop.
 13568 | Snake:3  | Found Peclameck's Book Boutique.
 13568 | Snake:3  | Found Juifunur's Weapon Shop.
 13573 | Snake:3  | Found Kinokhil's General Store.
 13584 | Snake:3  | Identified a scroll of acquirement
 13585 | Snake:3  | Acquired 1088 gold pieces
 14083 | Snake:4  | Entered Level 4 of the Snake Pit
 14383 | Snake:4  | Noticed a nagaraja
 14387 | Snake:4  | Killed a nagaraja
 14448 | Snake:4  | Noticed a nagaraja
 14449 | Snake:4  | Reached XP level 16. HP: 100/100 MP: 38/40
 14459 | Snake:4  | Reached skill level 19 in Spellcasting
 14459 | Snake:4  | Reached ****** piety under Vehumet
 14465 | Snake:4  | Offered knowledge of Arcjolt by Vehumet.
 15072 | Snake:4  | Got a serpentine rune of Zot
 15222 | Swamp:1  | Entered Level 1 of the Swamp
 15552 | Swamp:1  | Found a runed translucent gate.
 15552 | Swamp:1  | Found a runed translucent gate.
 15552 | Swamp:1  | Found a runed translucent gate.
 15557 | Swamp:1  | Noticed fly's ghost (journeyman DgDe)
 15571 | Swamp:1  | Killed fly's ghost
 15751 | Swamp:2  | Found a frozen archway.
 15800 | IceCv    | Entered an ice cave
 15826 | IceCv    | Offered knowledge of Ozocubu's Refrigeration by Vehumet.
 15871 | IceCv    | Reached skill level 20 in Spellcasting
 15901 | IceCv    | Reached skill level 10 in Fire Magic
 15904 | IceCv    | Reached XP level 17. HP: 106/106 MP: 4/43
 16019 | IceCv    | Found a viscous altar of Jiyva.
 16039 | IceCv    | Got Ykawit's Directory of the Crevasse
 16356 | Swamp:2  | Noticed Jorgrun
 16457 | Swamp:2  | Killed Jorgrun
 16632 | Swamp:3  | Noticed Bai Suzhen
 16694 | Swamp:3  | Killed Bai Suzhen
 16696 | Swamp:3  | Engulfed by a cloud of thunder

Illustrated notes

Levels and vault maps discovered:
D:1:      dpeg_arrival_morbid_curiosity, layout_loops_ring,
          minmay_misc_feat_roman
D:2:      layout_basic
D:3:      layout_loops_ring, shapermc_ecumenical_altar_mp_urbaneastern,
          serial_glass, glass_columns_b, glass_columns_b, glass_columns_a,
          chequers_serial_rivers_small_a, dreamdust_wishing_well, uniq_ijyb,
          uniq_jessica
D:4:      cheibrodos_pilgrimage, layout_basic, kennysheep_mini,
          minmay_temple_entry_stoned_glass, nicolae_shop_unique_rings
D:5:      layout_basic, lemuel_mausoleum_altar_kikubaaqudgha,
          gammafunk_temple_overflow_wave, gammafunk_ghost_split
D:6:      layout_basic, mainiacjoe_overflow_alcove_4,
          mainiacjoe_overflow_surrounded_room, grunt_gozag_statues,
          serial_shops, nicolae_shop_back_alley_shop, st_stairs_14,
          uniq_eustachio
D:7:      cheibrodos_fertilizer, layout_basic, jmf_multi_god_temple,
          serial_shops, shop, minmay_misc_feat_square
D:8:      layout_loops_ring, nicolae_ashenzari_skybound,
          nicolae_wooded_promenade
D:9:      layout_rooms, mainiacjoe_overflow_alcove_1,
          mainiacjoe_overflow_brackets, reono_crystal_passage
D:10:     layout_grid_maze, hiddenorc2_lemuel, uniq_josephine
D:11:     layout_stronghold, grunt_lair_entry_orc_guard_hut
Temple:   hellmonk_temple_flake
Lair:1:   layout_gridlike, chequers_serial_rivers_room_a,
          hangedman_lair_unloving_vines, grunt_megastairs_1
Lair:2:   layout_chaotic_city, grunt_megastairs_5, lemuel_fruit_fields
Lair:3:   layout_regular_city, skrybe_swamp_entry_bodies,
          minmay_snake_entry_guardpost_large, nicolae_volcano_entry_s_turn
Lair:4:   layout_misc_corridors, minmay_slime_entry_oklob_enclosed
Lair:5:   evilmike_catoblepas_cave, layout_cave_pods, evilmike_ambush
          [evilmike_ambush_outer_doors, evilmike_ambush_inner_basic]
Swamp:1:  layout_falls_marsh, ebering_ghost_rock_garden,
          evilmike_swamp_ruin_rubble_1, swamp_pool3, infiniplex_staircase_pool_2
Swamp:2:  layout_basic_swamp, portal_ice_cave_entry_pillars_three,
          evilmike_swamp_ruin_house_4, uniq_jorgrun
Swamp:3:  layout_falls_marsh, nicolae_swamp_little_tower, uniq_bai_suzhen
Snake:1:  layout_chambers
Snake:2:  layout_misc_corridors, serial_bayou_lagoon_a,
          nicolae_snake_salamander_jacuzzi
Snake:3:  layout_layer_cave, hellmonk_ghost_happy_afterlife, grunt_megastairs_2,
          minmay_shoptagon, serial_bayou_shore_b
Snake:4:  snake_pit, layout_onion
Orc:1:    layout_diamond_mine, mines1_david
Orc:2:    kennysheep_orc_mage_school, layout_diamond_mine, serial_shops, shop,
          nicolae_orc_rockfall

Skill      XL: |  1  2  3  4  5  6  7  8  9 10 11 12 13 14 15 16 17 |
---------------+----------------------------------------------------+-----
Dodging        | 3 4 5 6 |  6.8
Stealth        | 3 4 5 7 |  7.3
Spellcasting   | 4 5 6 7 9 11 13 15 16 17 18 20 | 20.6
Conjurations   | 5 6 7 9 10 12 13 14 15 16 17 18 | 18.0
Translocations | 1 2 3 5 7 |  7.5
Fighting       | 4 6 7 9 10 11 12 | 12.0
Earth Magic    | 2 6 8 10 11 13 | 13.0
Fire Magic     | 5 7 10 11 | 11.0

Action                     |  1- 3 |  4- 6 |  7- 9 | 10-12 | 13-15 | 16-18 || total
---------------------------+-------+-------+-------+-------+-------+-------++-------
  Melee: Mace              |     3 |    17 |     8 |       |       |       ||    28
         Punch             |       |     1 |       |     1 |       |       ||     2
         Flail             |       |       |     6 |    28 |    11 |       ||    45
         Staff             |       |       |       |       |     1 |     1 ||     2
   Cast: Magic Dart        |    64 |    18 |    11 |    20 |    57 |    82 ||   252
         Searing Ray       |     5 |    29 |    56 |    25 |    22 |     2 ||   139
         Iskenderun's Myst |       |       |    39 |   157 |   298 |    73 ||   567
         Fulminant Prism   |       |       |       |    40 |    38 |     4 ||    82
         Starburst         |       |       |       |       |    16 |     2 ||    18
         Iskenderun's Batt |       |       |       |       |    50 |    38 ||    88
         Lehudib's Crystal |       |       |       |       |     4 |     9 ||    13
         Plasma Beam       |       |       |       |       |     2 |   120 ||   122
  Evoke: Wand              |       |       |     5 |     2 |       |       ||     7
    Use: Potion            |       |       |     1 |       |       |       ||     1
         Scroll            |       |       |       |     8 |     8 |     1 ||    17
   Stab: Sleeping          |       |     2 |     1 |       |       |       ||     3
 Armour: Robe              |     1 |    15 |    14 |     4 |       |     3 ||    37
         Troll leather arm |       |       |       |    21 |    24 |     3 ||    48
  Dodge: Dodged            |    17 |    21 |    49 |    73 |    91 |    45 ||   296
  Block: Other             |     1 |    10 |    11 |       |       |       ||    22

Table legend: (Time is in decaauts)
 A = Elapsed time spent in this place.
 B = Non-inter-level travel time spent in this place.
 C = Inter-level travel time spent in this place.
 D = Time resting spent in this place.
 E = Time spent auto-exploring this place.
 F = Levels seen in this place.
 G = Mean time per level.
                   A        B        C        D        E       F      G
               +--------+--------+--------+--------+--------+-----+--------+
         Total |  16828 |  14891 |   1937 |     12 |      0 |  27 |  623.3 |
       Dungeon |   8049 |   6759 |   1290 |      8 |      0 |  11 |  731.7 |
        Temple |    155 |    155 |      0 |      0 |      0 |   1 |  155.0 |
          Lair |   2820 |   2591 |    229 |      0 |      0 |   5 |  564.0 |
         Swamp |   1154 |   1037 |    117 |      0 |      0 |   3 |  384.7 |
     Snake Pit |   3039 |   2872 |    167 |      4 |      0 |   4 |  759.8 |
  Orcish Mines |   1195 |   1062 |    133 |      0 |      0 |   2 |  597.5 |
      Ice Cave |    413 |    413 |      0 |      0 |      0 |   1 |  413.0 |
               +--------+--------+--------+--------+--------+-----+--------+

Top non-repeatable levels by time:
 Snake:3: 1049 daAuts
 Snake:4: 951 daAuts
    D:11: 947 daAuts
  Lair:5: 915 daAuts
     D:6: 914 daAuts
     D:4: 908 daAuts
    D:10: 908 daAuts
     D:7: 815 daAuts
   Orc:2: 775 daAuts
     D:5: 761 daAuts
 Swamp:2: 659 daAuts
     D:3: 597 daAuts
     D:8: 595 daAuts
     D:1: 570 daAuts
     D:2: 561 daAuts
